 Dungeon Sprint DCSS version 0.30-a0-737-gf23d94013f (webtiles) character file.

Game seed: 8361456475546432064

433 sircluck the Ducker (level 6, -2/68 HPs)
             Began as a Troll Fighter on Feb 2, 2023.
             Slain by Sonja
             ... wielding a +1 short sword of distortion
              (3 damage)
             ... in the Dungeon (Sprint I: "Red Sonja").
             The game lasted 00:01:06 (147 turns).

sircluck the Ducker (Troll Fighter)                  Turns: 147, Time: 00:01:06

Health: -2/68      AC:  4    Str: 27    XL:     6   Next: 67%
Magic:  5/5        EV: 10    Int:  4    God:
Gold:   305        SH:  9    Dex:  9    Spells: 5/5 levels left

rFire   . . .      SeeInvis .      - Unarmed
rCold   . . .      Faith    .    b - +0 kite shield
rNeg    . . .      Spirit   .    a - +0 robe
rPois   .          Reflect  .    (helmet restricted)
rElec   .          Harm     .    (no cloak)
rCorr   .          Rampage  .    (gloves unavailable)
Will    .....      NoTele   +    (boots unavailable)
Stlth   +                        (no amulet)
HPRegen 1.11/turn                (no ring)
MPRegen 0.09/turn                (no ring)

@: no status effects
A: large, unfitting armour, claws 3, regeneration 1, shaggy fur 1, tough skin 1
a: no special abilities


You were in the Dungeon.
You visited 1 branch You collected 305 gold pieces.

Inventory:

Missiles
 k - 6 stones (quivered)
Armour
 a - a +0 robe (worn)
 b - a +0 kite shield (worn)
Wands
 j - a wand of flame (8)
Scrolls
 i - a scroll of blinking
Potions
 c - a potion of might
 d - a potion of curing
 e - a potion of heal wounds
 f - a potion of haste
 g - 2 potions of magic
 h - a potion of berserk rage


   Skills:
 + Level 6.6 Fighting
 + Level 7.3 Dodging
 + Level 0.2 Stealth
 + Level 7.3 Shields
 + Level 5.9 Unarmed Combat


You had 5 spell levels left.
You didn't know any spells.
Your spell library was empty.

Dungeon Overview and Level Annotations

Branches:
Dungeon (1/1)

Altars:
Cheibriados
Dithmenos
Elyvilon
Fedhas
Gozag
Hepliaklqana
Kikubaaqudgha
Nemelex Xobeh
Okawaru
Qazlal
Ru
Sif Muna
Trog
Uskayaw
Vehumet
Wu Jian
Yredelemnul
Zin
The Shining One

Shops:
D *

Annotations:
D Sonja


Innate Abilities, Weirdness & Mutations

You are too large for most types of armour.
You have claws for hands.
Your natural rate of healing is unusually fast.
You are covered in fur. (AC +1)
You have tough skin. (AC +1)


Message History

Sonja blinks!
Sonja throws a curare-tipped dart.
The curare-tipped dart barely misses you.
Sonja gestures wildly while chanting.
Sonja blinks!
There is an open door, spattered with blood here.
Sonja throws a curare-tipped dart.
You block the curare-tipped dart.
There is an open door, spattered with blood here.
Sonja mumbles some strange words.
Sonja blinks!
Sonja throws a curare-tipped dart.
You block the curare-tipped dart.
Sonja throws a curare-tipped dart.
The curare-tipped dart barely misses you.
There is an open door, spattered with blood here.
You claw Sonja!
Sonja is moderately wounded.
Sonja hits you with a +1 short sword of distortion.
You block Sonja's attack.
Sonja hits you with a +1 short sword of distortion.
Space warps around you.
You closely miss Sonja.
Sonja is moderately wounded.
Sonja hits you with a +1 short sword of distortion.
Space warps horribly around you!
Sonja hits you with a +1 short sword of distortion.
Space warps around you. Sonja hits you but does no damage.
Space warps around you. Sonja misses you.
Sonja hits you with a +1 short sword of distortion.
Space warps horribly around you!
* * * LOW HITPOINT WARNING * * *
You block Sonja's attack.
You completely miss Sonja.
Sonja is moderately wounded.
Sonja hits you with a +1 short sword of distortion.
* * * LOW HITPOINT WARNING * * *
Space warps around you.
* * * LOW HITPOINT WARNING * * *
Sonja hits you with a +1 short sword of distortion.
* * * LOW HITPOINT WARNING * * *
Sonja hits you with a +1 short sword of distortion.
You die...

################
#<.#..)..#..'..#
#..').#..').#..+
#..#####'#####'#
#..####..#...#.#
#..#__####..##.#
#..#_____##'#_.+
#⌠⌠#_.∩.K@'..._#
####_..__##_.#+#
#_____###'#
####### #.# $.$
$.$# ##.## #+#


You could see Sonja.

Vanquished Creatures
  Sigmund (D)
  A yak (D)
  An ogre (D)
  A jelly (D)
  Ijyb (D)
5 creatures vanquished.

Notes
Turn   | Place    | Note
-------+----------+-------------------------------------------
     0 | D        | sircluck the Troll Fighter began the quest for the Orb.
     0 | D        | Reached XP level 1. HP: 22/22 MP: 0/0
     2 | D        | Noticed Ijyb
    11 | D        | Killed Ijyb
    12 | D        | Reached XP level 2. HP: 5/31 MP: 1/1
    37 | D        | Noticed an ogre
    42 | D        | Killed an ogre
    43 | D        | Reached skill level 5 in Shields
    43 | D        | Reached XP level 3. HP: 24/40 MP: 2/2
    43 | D        | Reached XP level 4. HP: 29/49 MP: 3/3
    56 | D        | Noticed Sigmund
    61 | D        | Killed Sigmund
    62 | D        | Reached skill level 5 in Fighting
    62 | D        | Reached XP level 5. HP: 58/59 MP: 4/4
    76 | D        | Found an ornate altar of the Wu Jian Council.
    76 | D        | Found a shimmering blue altar of Sif Muna.
    78 | D        | Found a radiant altar of Vehumet.
    81 | D        | Reached skill level 5 in Unarmed Combat
    81 | D        | Reached XP level 6. HP: 67/67 MP: 5/5
   108 | D        | Found Kyoto's General Store.
   108 | D        | Found an ancient bone altar of Kikubaaqudgha.
   108 | D        | Found a hazy altar of Hepliaklqana.
   108 | D        | Found a stormy altar of Qazlal.
   108 | D        | Found a hide-covered altar of Uskayaw.
   108 | D        | Found a blossoming altar of Fedhas.
   108 | D        | Found a bloodstained altar of Trog.
   108 | D        | Found an iron altar of Okawaru.
   108 | D        | Found a basalt altar of Yredelemnul.
   108 | D        | Found a glowing golden altar of the Shining One.
   108 | D        | Found a snail-covered altar of Cheibriados.
   108 | D        | Found a sacrificial altar of Ru.
   108 | D        | Found a glowing silver altar of Zin.
   108 | D        | Found a shadowy altar of Dithmenos.
   108 | D        | Found a white marble altar of Elyvilon.
   108 | D        | Noticed a yak
   109 | D        | Found an opulent altar of Gozag.
   115 | D        | Killed a yak
   116 | D        | Found a sparkling altar of Nemelex Xobeh.
   131 | D        | Noticed Sonja
   147 | D        | HP: 2/68 [Sonja/+1 short sword of distortion (5)]
   147 | D        | Slain by Sonja

Illustrated notes

Levels and vault maps discovered:
D:        dungeon_sprint_1 [red_sonja_temple_1, red_sonja_temple_small_1]

Skill      XL: |  1  2  3  4  5  6 |
---------------+-------------------+-----
Fighting       | 3 4 5 6 |  6.6
Dodging        | 3 4 6 7 |  7.3
Shields        | 3 5 6 7 |  7.3
Unarmed Combat | 3 4 5 |  5.9
Stealth        | |  0.2

Action                     |  1- 3 |  4- 6 || total
---------------------------+-------+-------++-------
  Melee: Unarmed           |    12 |    15 ||    27
  Evoke: Wand              |     1 |     2 ||     3
   Stab: Sleeping          |       |     1 ||     1
 Armour: Robe              |       |     1 ||     1
  Dodge: Dodged            |     2 |     8 ||    10
  Block: Kite shield       |     3 |     7 ||    10

Table legend: (Time is in decaauts)
 A = Elapsed time spent in this place.
 B = Non-inter-level travel time spent in this place.
 C = Inter-level travel time spent in this place.
 D = Time resting spent in this place.
 E = Time spent auto-exploring this place.
 F = Levels seen in this place.
 G = Mean time per level.
                   A        B        C        D        E       F      G
               +--------+--------+--------+--------+--------+-----+--------+
         Total |    148 |    148 |      0 |     19 |      0 |   1 |  148.0 |
       Dungeon |    148 |    148 |      0 |     19 |      0 |   1 |  148.0 |
               +--------+--------+--------+--------+--------+-----+--------+

Top non-repeatable levels by time:
       D: 148 daAuts
